Map: Tête de pont EC (Void)

Players

UEDSAVAGE

  • Race: Protoss Protoss
  • League: Gold

AgCl - Winner!

  • Race: Protoss Protoss
  • League: Gold

VOD

Have the link to the VOD?

Description

Time

  • Played on: July 17, 2015, 7:15 p.m.
  • Length: 25:54
Show
View Real Time Build Order
Export as new Build Order

UEDSAVAGE Protoss 

Build Orders:  

Get SALT Encoding   

  12  0:01  Probe  
  13  0:14  Pylon  
  13  0:18  Probe  
  14  0:32  Probe (Chrono Boost)  
  16  0:43  Probe (Chrono Boost)  
  16  0:49  Probe  
  17  0:58  Assimilator  
  17  1:09  Probe, Nexus  
  18  1:21  Gateway  
  18  1:31  Assimilator  
  18  1:39  Pylon  
  18  1:44  Probe  
  19  1:57  Probe  
  20  2:09  Gateway, Probe  
  20  2:10  Cybernetics Core  
  21  2:21  Probe (Chrono Boost)  
  21  2:22  Probe (Chrono Boost)  
  23  2:29  Assimilator  
  23  2:31  Probe x2 (Chrono Boost)  
  25  2:38  Probe x2  
  27  2:49  Assimilator  
  26  2:54  Probe, Warp Gate (Chrono Boost)  
  26  2:55  Probe  
  28  3:00  Stalker (Chrono Boost)  
  32  3:07  Stalker (Chrono Boost), Probe (Chrono Boost)  
  32  3:10  Probe (Chrono Boost)  
  34  3:18  Probe (Chrono Boost)  
  34  3:25  Probe (Chrono Boost)  
  34  3:33  Probe (Chrono Boost)  
  35  3:42  Probe (Chrono Boost)  
  35  3:43  Probe (Chrono Boost)  
  35  3:47  Pylon  
  37  3:50  Probe (Chrono Boost), Forge  
  37  3:51  Stalker, Assimilator  
  37  3:53  Probe (Chrono Boost), Assimilator  
  43  4:02  Probe (Chrono Boost)  
  43  4:03  Mothership Core (Chrono Boost)  
  43  4:12  Probe (Chrono Boost)  
  45  4:18  Probe (Chrono Boost)  
  45  4:21  Pylon  
  45  4:23  Pylon  
  45  4:24  Protoss Ground Weapons Level 1 (Chrono Boost)  
  45  4:39  Probe x2 (Chrono Boost), Photon Cannon  
  47  4:48  Pylon  
  47  4:51  Probe (Chrono Boost)  
  49  4:57  Probe (Chrono Boost)  
  49  4:58  Gateway  
  49  4:59  Gateway  
  47  5:02  Gateway  
  47  5:04  Probe (Chrono Boost)  
  47  5:06  Gateway  
  44  5:08  Gateway  
  42  5:23  Sentry x2  
  42  5:24  Probe (Chrono Boost)  
  42  5:26  Probe (Chrono Boost)  
  48  5:34  Probe (Chrono Boost)  
  48  5:35  Probe (Chrono Boost)  
  50  5:41  Probe x2  
  52  5:47  Pylon  
  52  5:53  Probe x2  
  52  5:56  Stalker x3  
  52  5:57  Stalker  
  62  5:58  Stalker  
  62  6:01  Stalker  
  62  6:03  Sentry  
  65  6:26  Stalker x3  
  65  6:27  Stalker  
  65  6:31  Probe (Chrono Boost)  
  75  6:37  Probe (Chrono Boost)  
  73  6:54  Nexus  
  73  6:56  Pylon  
  63  7:08  Stalker x3  
  63  7:09  Stalker x2  
  63  7:11  Zealot  
  63  7:12  Zealot  
  59  7:34  Stalker x2  
  59  7:35  Stalker  
  63  7:40  Stalker  
  65  8:00  Probe x2  
  65  8:05  Assimilator  
  67  8:08  Sentry  
  67  8:09  Sentry, Assimilator  
  67  8:10  Zealot x4  
  67  8:12  Probe x2, Photon Cannon  
  81  8:15  Photon Cannon  
  81  8:18  Probe  
  81  8:19  Photon Cannon  
  82  8:24  Probe  
  82  8:25  Twilight Council  
  83  8:34  Stalker x2  
  79  9:04  Stalker  
  79  9:05  Stalker x2, Zealot x2  
  79  9:06  Zealot x2  
  79  9:07  Probe (Chrono Boost)  
  96  9:12  Templar Archives  
  96  9:13  Probe x2 (Chrono Boost), Charge (Chrono Boost)  
  96  9:17  Pylon  
  96  9:19  Photon Cannon  
  96  9:21  Probe (Chrono Boost)  
  91  9:33  Protoss Ground Weapons Level 2 (Chrono Boost)  
  89  9:40  Stalker x2  
  89  9:41  Stalker  
  89  9:42  Sentry  
  89  9:44  Probe (Chrono Boost)  
  100  9:49  Probe (Chrono Boost)  
  100  9:50  Probe (Chrono Boost)  
  101  9:54  Probe (Chrono Boost)  
  101  9:57  Probe (Chrono Boost)  
  101  9:58  Probe (Chrono Boost)  
  101  9:59  Psionic Storm  
  103  10:01  Probe  
  104  10:08  Probe  
  105  10:18  Pylon  
  105  10:20  Photon Cannon  
  105  10:21  Probe  
  105  10:22  Pylon  
  105  10:25  Pylon  
  106  10:36  Probe x3, High Templar x2  
  106  10:41  High Templar  
  106  10:42  High Templar  
  117  10:43  Stalker  
  117  10:44  Zealot  
  117  10:48  Nexus  
  121  10:50  Probe, Photon Cannon  
  121  10:51  Probe x2  
  121  10:52  Photon Cannon  
  116  11:09  Stalker x2  
  116  11:10  Stalker x3  
  124  11:13  Blink (Chrono Boost)  
  124  11:20  Probe x3  
  127  11:30  Gateway  
  127  11:32  Probe  
  116  11:49  Archon  
  116  11:53  Assimilator  
  96  11:57  Assimilator  
  96  12:01  Protoss Ground Weapons Level 3 (Chrono Boost)  
  84  12:08  Robotics Facility  
  84  12:11  Forge  
  84  12:14  Stalker x3  
  84  12:15  Stalker, High Templar  
  92  12:16  High Templar x2  
  97  12:30  Probe, Robotics Facility  
  98  12:38  Stalker x2  
  98  12:39  Stalker x2  
  98  12:40  Stalker  
  108  12:46  Protoss Shields Level 1 (Chrono Boost)  
  108  12:52  Stalker x3  
  108  12:57  Probe  
  108  12:58  Probe x2  
  117  13:02  Stalker x2  
  117  13:03  Stalker x3  
  127  13:12  Observer (Chrono Boost)  
  130  13:22  High Templar  
  130  13:23  High Templar  
  130  13:25  Immortal (Chrono Boost)  
  134  13:27  Archon  
  134  13:28  Observer (Chrono Boost)  
  135  13:53  Pylon  
  135  13:55  Pylon  
  135  13:57  Pylon  
  135  13:59  Pylon  
  135  14:07  Pylon  
  135  14:09  Pylon  
  135  14:18  Observer (Chrono Boost)  
  140  14:25  Protoss Shields Level 2 (Chrono Boost)  
  140  14:26  Immortal (Chrono Boost)  
  140  14:33  High Templar  
  140  14:34  Warp Prism (Chrono Boost), High Templar x2  
  140  14:35  Stalker x2  
  152  14:46  Shield Upgrade  
  152  15:08  Sentry x2  
  152  15:09  Stalker x5  
  152  15:10  Stalker  
  168  15:20  Stargate  
  168  15:22  Stargate  
  168  15:26  Gateway  
  161  15:29  Gateway  
  161  15:40  Stalker x2  
  161  15:41  Nexus, Zealot x2  
  168  15:43  Pylon  
  168  15:45  Pylon  
  168  15:46  Pylon  
  168  15:47  Pylon, Assimilator  
  168  15:49  Assimilator  
  164  15:50  Pylon  
  145  16:16  Archon  
  111  16:30  Probe x3  
  111  16:32  Zealot x2  
  100  16:33  Zealot  
  100  16:35  Observer (Chrono Boost)  
  100  16:37  Stalker x2  
  100  16:38  Zealot  
  100  16:39  Zealot  
  90  16:42  Probe, Observer (Chrono Boost)  
  77  16:50  Photon Cannon  
  73  16:59  Gateway  
  73  17:00  Gateway  
  73  17:02  Gateway  
  73  17:03  High Templar x3  
  73  17:04  High Templar x2  
  73  17:07  Archon  
  81  17:09  Archon  
  79  17:26  Pylon  
  79  17:40  High Templar x2  
  79  17:41  Stalker, High Templar  
  79  17:42  Stalker x2  
  91  17:53  Forge  
  91  17:55  Stalker x2  
  95  18:06  Forge  
  95  18:11  Stalker  
  95  18:12  Stalker x3  
  101  18:13  Stalker x2  
  101  18:14  Stalker  
  101  18:15  Stalker  
  101  18:17  Mothership Core  
  113  18:22  Observer (Chrono Boost)  
  113  18:25  Pylon  
  84  19:15  Probe x2  
  84  19:16  Probe  
  79  19:18  Stalker x2  
  79  19:19  Stalker  
  79  19:20  Observer  
  79  19:23  Stalker x2  
  79  19:24  Stalker x3  
  88  19:25  High Templar  
  88  19:26  Sentry x2  
  88  19:27  Probe  
  94  19:37  Protoss Ground Armor Level 1 (Chrono Boost), Protoss Shields Level 3 (Chrono Boost)  
  91  19:42  Observer  
  91  19:47  Stalker  
  91  19:48  Stalker x3, Pylon  
  95  20:19  Stalker x3  
  95  20:20  Zealot x2  
  71  20:53  Stalker x3  
  71  20:54  Stalker x2  
  71  20:55  Stalker  
  71  20:56  Stalker x2  
  87  20:57  Stalker  
  87  20:59  Stalker x2  
  93  21:22  Stalker  
  93  21:23  Stalker  
  93  21:24  Stalker x4  
  105  21:51  Stalker  
  105  21:52  Stalker x3  
  105  21:53  Stalker x2  
  103  22:14  Stalker x4  
  94  22:41  Stalker x3  
  94  22:42  Stalker  
  88  22:46  Observer  
  89  23:00  Stalker x2  
  90  23:52  Zealot x2  
  90  23:53  Zealot x2  
  89  24:11  Nexus  
  84  24:19  Pylon  
  84  24:23  Pylon  
  78  24:25  Pylon  
  62  24:52  Cybernetics Core  
  62  25:10  Nexus  
Show
View Real Time Build Order
Export as new Build Order

AgCl Protoss - Winner!

Build Orders: Oracle Opening 

Get SALT Encoding   

  12  0:16  Probe  
  12  0:17  Pylon  
  14  0:28  Probe  
  14  0:38  Gateway  
  14  0:40  Probe  
  15  0:50  Assimilator  
  15  0:52  Probe  
  16  1:04  Probe (Chrono Boost)  
  17  1:16  Pylon  
  17  1:17  Probe (Chrono Boost)  
  18  1:25  Probe (Chrono Boost)  
  19  1:27  Zealot (Chrono Boost)  
  21  1:34  Cybernetics Core, Probe (Chrono Boost)  
  22  1:45  Probe (Chrono Boost)  
  23  1:51  Probe (Chrono Boost)  
  23  1:53  Zealot  
  26  2:05  Probe (Chrono Boost)  
  27  2:12  Stargate  
  27  2:17  Probe (Chrono Boost)  
  28  2:26  Probe (Chrono Boost)  
  29  2:33  Warp Gate  
  29  2:34  Probe  
  30  3:10  Nexus  
  30  3:28  Assimilator  
  30  3:33  Probe  
  29  3:38  Pylon  
  29  3:41  Assimilator  
  29  3:45  Probe  
  30  3:51  Gateway  
  30  3:53  Pylon  
  30  3:54  Gateway  
  30  3:55  Oracle  
  30  3:57  Pylon  
  30  3:59  Pylon  
  30  4:01  Mothership Core (Chrono Boost)  
  35  4:15  Probe  
  36  4:24  Probe (Chrono Boost), Robotics Facility  
  36  4:26  Pylon  
  38  4:33  Probe (Chrono Boost)  
  38  4:36  Probe (Chrono Boost)  
  39  4:42  Probe x2 (Chrono Boost)  
  41  4:47  Assimilator  
  43  4:53  Probe (Chrono Boost)  
  43  4:56  Probe (Chrono Boost)  
  43  4:59  Probe (Chrono Boost)  
  44  5:04  Probe  
  45  5:11  Probe (Chrono Boost)  
  46  5:20  Probe (Chrono Boost)  
  47  5:23  Probe (Chrono Boost)  
  47  5:24  Immortal  
  47  5:27  Forge  
  53  5:30  Probe x2 (Chrono Boost)  
  54  5:40  Probe (Chrono Boost)  
  55  5:43  Nexus  
  55  5:46  Pylon  
  55  5:49  Probe (Chrono Boost)  
  56  5:52  Probe (Chrono Boost)  
  58  5:58  Probe (Chrono Boost)  
  58  6:02  Probe (Chrono Boost), Observer  
  60  6:05  Probe (Chrono Boost)  
  60  6:09  Probe  
  62  6:15  Probe  
  63  6:18  Void Ray (Chrono Boost)  
  63  6:21  Probe  
  63  6:25  Adept x2  
  69  6:26  Stalker  
  69  6:28  Immortal (Chrono Boost)  
  69  6:29  Pylon  
  77  6:41  Probe  
  78  6:47  Photon Cannon  
  78  6:49  Pylon  
  78  6:55  Stalker x2  
  78  6:56  Stalker  
  78  6:57  Probe  
  83  7:07  Assimilator  
  77  7:13  Probe  
  70  7:26  Immortal  
  64  7:31  Stalker  
  64  7:32  Stalker x2  
  64  7:33  Void Ray (Chrono Boost)  
  74  7:38  Gateway, Protoss Ground Weapons Level 1 (Chrono Boost)  
  74  7:39  Gateway  
  70  7:46  Mothership Core (Chrono Boost)  
  68  7:51  Pylon  
  68  7:52  Probe (Chrono Boost)  
  66  7:59  Probe (Chrono Boost)  
  66  8:00  Probe (Chrono Boost)  
  66  8:05  Stalker x3  
  72  8:06  Assimilator  
  72  8:07  Stargate  
  72  8:10  Pylon  
  72  8:11  Probe  
  72  8:12  Probe  
  73  8:25  Immortal  
  76  8:28  Stalker  
  76  8:29  Stalker  
  73  8:52  Stalker  
  73  8:53  Stalker x4  
  77  9:00  Void Ray  
  75  9:08  Void Ray  
  79  9:12  Twilight Council  
  79  9:16  Adept  
  79  9:17  Adept  
  83  9:28  Stalker x3  
  77  9:41  Probe  
  78  9:49  Immortal  
  78  9:54  Void Ray (Chrono Boost)  
  78  9:55  Void Ray (Chrono Boost)  
  90  10:02  Protoss Ground Weapons Level 2 (Chrono Boost)  
  90  10:04  Probe  
  91  10:11  Stalker, Adept  
  91  10:13  Adept  
  97  10:17  Probe (Chrono Boost)  
  97  10:19  Probe (Chrono Boost)  
  99  10:25  Gateway  
  100  10:29  Probe (Chrono Boost)  
  100  10:33  Dark Shrine  
  100  10:36  Immortal  
  104  10:49  Probe  
  105  10:51  Probe  
  106  11:01  Probe  
  106  11:03  Probe, Adept x2  
  106  11:04  Adept  
  114  11:05  Adept  
  114  11:06  Assimilator  
  112  11:13  Protoss Air Weapons Level 1 (Chrono Boost)  
  112  11:24  Phoenix (Chrono Boost)  
  114  11:25  Probe  
  114  11:28  Probe  
  114  11:29  Nexus  
  113  11:46  Dark Templar  
  109  11:47  Dark Templar x4  
  81  12:05  Probe x2 (Chrono Boost)  
  81  12:15  Probe  
  82  12:17  Gateway  
  82  12:20  Gateway  
  83  12:23  Probe (Chrono Boost), Observer (Chrono Boost)  
  83  12:24  Dark Templar  
  83  12:25  Dark Templar x2  
  90  12:32  Probe (Chrono Boost)  
  92  12:37  Warp Prism (Chrono Boost)  
  92  12:40  Probe (Chrono Boost)  
  92  12:42  Probe (Chrono Boost)  
  95  12:48  Probe (Chrono Boost)  
  95  12:49  Probe (Chrono Boost)  
  97  12:53  Probe (Chrono Boost)  
  98  12:59  Stalker, Adept x2  
  98  13:03  Assimilator  
  98  13:04  Probe (Chrono Boost)  
  98  13:05  Mothership Core (Chrono Boost)  
  107  13:10  Probe (Chrono Boost)  
  107  13:11  Probe (Chrono Boost), Assimilator  
  109  13:15  Pylon  
  109  13:17  Fleet Beacon  
  109  13:36  Archon x2  
  109  13:40  Probe (Chrono Boost), Carrier x2 (Chrono Boost)  
  110  13:44  Photon Cannon  
  112  13:49  Probe (Chrono Boost)  
  112  13:50  Pylon  
  112  13:51  Probe (Chrono Boost)  
  112  13:57  Protoss Ground Weapons Level 3 (Chrono Boost)  
  112  14:00  Protoss Air Weapons Level 2 (Chrono Boost)  
  124  14:03  Stargate  
  124  14:16  Archon  
  124  14:19  Probe  
  124  14:21  Gateway  
  124  14:22  Photon Cannon  
  124  14:23  Pylon  
  125  14:24  Nexus  
  125  14:27  Pylon  
  125  14:30  Carrier (Chrono Boost)  
  125  14:34  Pylon  
  125  14:38  Probe, Assimilator  
  126  14:43  Assimilator  
  124  14:51  Pylon  
  112  14:55  Carrier (Chrono Boost)  
  112  14:59  Probe  
  113  15:01  Adept x3, Charge  
  113  15:02  Zealot x3  
  113  15:03  Adept  
  133  15:29  Dark Templar x2  
  133  15:30  Dark Templar, Zealot x4  
  143  15:51  Probe (Chrono Boost)  
  146  15:58  Probe x2 (Chrono Boost)  
  146  16:00  Probe (Chrono Boost)  
  138  16:11  Dark Templar x3  
  138  16:12  Dark Templar  
  138  16:17  Dark Templar x3  
  138  16:18  Dark Templar  
  112  16:29  Carrier (Chrono Boost)  
  99  16:34  Carrier (Chrono Boost)  
  94  16:47  Nexus  
  106  17:04  Gateway x2, Pylon  
  102  17:17  Carrier (Chrono Boost)  
  98  17:23  Probe  
  98  17:28  Probe, Protoss Air Weapons Level 3 (Chrono Boost)  
  106  17:38  Protoss Shields Level 1 (Chrono Boost)  
  107  17:45  Probe (Chrono Boost)  
  107  17:46  Archon x3  
  109  17:52  Carrier (Chrono Boost)  
  109  17:53  Assimilator  
  109  17:54  Probe (Chrono Boost)  
  109  17:55  Probe (Chrono Boost)  
  109  17:59  Pylon  
  109  18:02  Observer  
  118  18:13  Carrier (Chrono Boost)  
  118  18:16  Probe (Chrono Boost)  
  118  18:18  Probe (Chrono Boost)  
  118  18:19  Photon Cannon  
  120  18:20  Probe x2 (Chrono Boost)  
  120  18:23  Probe (Chrono Boost)  
  111  18:59  Dark Templar x4  
  113  19:07  Zealot x3  
  113  19:08  Zealot  
  121  19:15  Stalker, Carrier (Chrono Boost)  
  121  19:16  Stalker  
  118  19:24  Probe (Chrono Boost)  
  118  19:30  Archon x2  
  121  19:35  Observer (Chrono Boost)  
  121  19:36  Protoss Shields Level 2 (Chrono Boost)  
  126  19:45  Probe (Chrono Boost)  
  126  19:51  Observer (Chrono Boost)  
  126  19:52  Probe (Chrono Boost)  
  130  19:57  Probe (Chrono Boost)  
  130  19:58  Probe (Chrono Boost)  
  130  20:04  Protoss Air Armor Level 1 (Chrono Boost)  
  135  20:15  Probe, Nexus  
  135  20:16  Pylon  
  135  20:20  Dark Templar, Assimilator  
  138  20:23  Assimilator  
  138  20:28  Dark Templar x2  
  134  20:32  Pylon  
  138  20:41  Probe x2 (Chrono Boost)  
  135  20:52  Dark Templar x3  
  135  20:54  Probe  
  142  21:06  Probe  
  139  21:16  Probe  
  139  21:18  Probe  
  139  21:24  Zealot  
  141  21:29  Pylon  
  141  21:30  Pylon, Carrier (Chrono Boost), Assimilator x2  
  141  21:36  Carrier (Chrono Boost)  
  139  21:43  Probe, Pylon  
  139  21:44  Probe  
  139  21:45  Probe  
  142  21:48  Dark Templar  
  142  21:49  Dark Templar  
  158  21:55  Protoss Air Armor Level 2 (Chrono Boost)  
  158  22:12  Probe  
  158  22:13  Probe  
  160  22:18  Photon Cannon  
  160  22:20  Probe, Photon Cannon  
  160  22:21  Probe  
  160  22:22  Pylon  
  162  22:26  Nexus, Carrier (Chrono Boost)  
  162  22:30  Pylon  
  162  22:40  Pylon  
  162  22:43  Photon Cannon  
  156  22:44  Probe  
  156  22:49  Protoss Shields Level 3 (Chrono Boost)  
  163  22:53  Probe  
  164  22:58  Carrier (Chrono Boost)  
  164  22:59  Pylon  
  164  23:08  Zealot x4  
  164  23:09  Zealot x3  
  182  23:24  Carrier (Chrono Boost)  
  152  23:44  Gateway  
  152  23:46  Pylon, Photon Cannon  
  152  23:53  Zealot  
  154  24:00  Carrier (Chrono Boost)  
  146  24:38  Graviton Catapult (Chrono Boost)  
  146  25:06  Forge  
  146  25:09  Pylon  
  146  25:13  Pylon  
  146  25:17  Pylon  
  146  25:26  Zealot x2  
  146  25:27  Zealot x2  
  150  25:52  Gateway  
Tags
 
Add a new tag
Caveats
  • Supply blocks, unpowered buildings, or Contaminate may cause inaccurate times.
  • Supply counts are checked every 10 seconds.